 Dungeon Crawl Stone Soup version 0.27.1-34-g3ba077fa99 (webtiles) character file.

Game seed: 2218411072266016114

133 Uniporpoise the Firebug (level 4, -6/24 HPs)
             Began as a Deep Elf Fire Elementalist on Jan 18, 2022.
             Mangled by KrombopulosMichael's ghost (10 damage)
             ... on level 3 of the Dungeon.
             The game lasted 00:07:08 (2419 turns).

Uniporpoise the Firebug (DEFE)                      Turns: 2419, Time: 00:07:09

Health: -6/24      AC:  2    Str:  5    XL:     4   Next: 93%
Magic:  8/11       EV: 13    Int: 21    God:
Gold:   74         SH:  0    Dex: 15    Spells: 2/10 levels left

rFire    . . .     SeeInvis .   l - staff of air
rCold    . . .     Faith    .   (no shield)
rNeg     . . .     Spirit   .   a - +0 robe
rPois    .         Reflect  .   (no helmet)
rElec    +         Harm     .   (no cloak)
rCorr    .         Rampage  .   (no gloves)
Will     .....                  (no boots)
Stlth    ++........             (no amulet)
HPRegen  0.08/turn              (no ring)
MPRegen  0.12/turn              (no ring)

@: no status effects
A: no striking features
a: no special abilities


You were on level 3 of the Dungeon.
You visited 1 branch of the dungeon, and saw 3 of its levels.

You collected 74 gold pieces.

Inventory:

Hand Weapons
 c - a +0 whip
Armour
 a - a +0 robe (worn)
Magical Staves
 l - a staff of air (weapon)
Wands
 f - a wand of acid (9)
Scrolls
 b - a scroll of magic mapping {unknown}
 g - a scroll of brand weapon {unknown}
 i - a scroll of teleportation
 j - a scroll of fog {unknown}
Potions
 m - a potion of berserk rage {unknown}


   Skills:
 + Level 0.2 Staves
 - Level 3.2 Dodging
 - Level 3.3 Stealth
 + Level 3.9 Spellcasting
 + Level 2.1 Conjurations
 + Level 4.3 Fire Magic
 + Level 0.2 Ice Magic
 + Level 1.2 Evocations


You had 2 spell levels left.
You knew the following spells:

 Your Spells              Type           Power      Damage    Failure   Level
a - Foxfire               Conj/Fire      68%        2x1d7     3%          1
b - Conjure Flame         Conj/Fire      17%        6-21      10%         3
c - Hailstorm             Conj/Ice       9%         3d4       58%         4

Your spell library contained the following spells:

 Spells                   Type           Power      Damage    Failure   Level
 Inner Flame              Hex/Fire       13%        N/A       16%         3
 Sticky Flame             Conj/Fire      17%        2d4       32%         4
 Fireball                 Conj/Fire      8%         3d6       65%         5
 Ice Form                 Ice/Tmut       4%         N/A       75%         4
 Simulacrum               Ice/Necr       2%         N/A       100%        6


Dungeon Overview and Level Annotations

Branches:
Dungeon (3/15)

Altars:

Shops:
D:1 :

Annotations:
D:3 KrombopulosMichael's ghost, amateur OpFi


Message History

KrombopulosMichael's ghost is moderately damaged.
The river rat closely misses you.
Okay, then.
It was a potion of ambrosia.
You are confused.
You feel invigorated. KrombopulosMichael's ghost misses you.
The river rat closely misses you.
It was a potion of curing.
You feel better.
You feel less invigorated.
KrombopulosMichael's ghost screams, "Zot is a myth, the ORB is a fable, you'll soon be a tale!"
KrombopulosMichael's ghost hits you! The river rat closely misses you.
Casting: Foxfire (safe; 3% risk of failure)
Confirm with . or Enter, or press ? or * to list all spells.
The spell is quite dangerous to cast (10% risk of failure)!
Continue anyway?
You miscast Conjure Flame.
You are very lightly contaminated with residual magic.
Nothing appears to happen.
KrombopulosMichael's ghost closely misses you.
The river rat bites you.
* * * LOW HITPOINT WARNING * * *
As you read the scroll labelled KAULAT MUOME, it crumbles to dust.
You assume a fearsome visage.
KrombopulosMichael's ghost is unaffected.
The river rat looks frightened!
It was a scroll of fear.
KrombopulosMichael's ghost hits you.
* * * LOW HITPOINT WARNING * * *
It was a potion of heal wounds.
You feel much better. KrombopulosMichael's ghost hits you!
Casting: Conjure Flame (quite dangerous; 10% risk of failure)
Confirm with . or Enter, or press ? or * to list all spells.
You conjure some foxfire!
KrombopulosMichael's ghost hits you!
* * * LOW HITPOINT WARNING * * *
The foxfire hits KrombopulosMichael's ghost.
KrombopulosMichael's ghost is moderately damaged.
The foxfire hits KrombopulosMichael's ghost but does no damage.
KrombopulosMichael's ghost is moderately damaged.
Your magical contamination has completely faded away.
There is a stone staircase leading up here.
You can't go down here!
KrombopulosMichael's ghost hits you!
You die...

.# ... #.# #.# #.#
#.# ##.# #@.######.
#W........
#..######. #..#
#..#########
#..#.#≈≈≈≈≈≈
#)..†'≈≈≈≈!≈
..######....#≈≈≈≈≈≈
............#######


You could see KrombopulosMichael's ghost.

Vanquished Creatures
  Jessica (D:2)
  6 adders
  A worm (D:2)
  4 bats
  2 endoplasms (D:1)
  3 giant cockroaches
  2 goblins (D:2)
  6 hobgoblins
  6 jackals
  3 quokkas
  4 ball pythons (D:2)
  A frilled lizard (D:2)
  5 kobolds
  4 rats
48 creatures vanquished.

Vanquished Creatures (others)
  164 foxfires
164 creatures vanquished.

Grand Total: 212 creatures vanquished

Notes
Turn   | Place    | Note
-------+----------+-------------------------------------------
     0 | D:1      | Uniporpoise the Deep Elf Fire Elementalist began the quest
                  | for the Orb.
     0 | D:1      | Reached XP level 1. HP: 10/10 MP: 6/6
    91 | D:1      | Found Wuohuuv's Book Shoppe.
   362 | D:1      | Reached XP level 2. HP: 15/15 MP: 4/8
   520 | D:1      | Found a faded altar of an unknown god.
   901 | D:2      | Reached XP level 3. HP: 19/19 MP: 2/9
   907 | D:2      | Learned a level 3 spell: Conjure Flame
  1074 | D:2      | Reached skill level 4 in Fire Magic
  1310 | D:2      | Reached XP level 4. HP: 12/24 MP: 1/11
  1598 | D:2      | Noticed Jessica
  1600 | D:2      | Killed Jessica
  1601 | D:2      | Reached skill level 1 in Evocations
  2125 | D:2      | Learned a level 4 spell: Hailstorm
  2386 | D:3      | Found a runed translucent door.
  2397 | D:3      | Noticed KrombopulosMichael's ghost (amateur OpFi)
  2419 | D:3      | Mangled by KrombopulosMichael's ghost

Illustrated notes

Levels and vault maps discovered:
D:1:      amcnicky_arrival_underground_garden, layout_rooms,
          chequers_ecumenical_altar_island, serial_shops, shop
D:2:      layout_basic, minmay_between, uniq_jessica
D:3:      layout_basic, ebering_ghost_sewer_f, uniq_crazy_yiuf_cottage

Skill      XL: |  1  2  3  4 |
---------------+-------------+-----
Stealth        | 3 |  3.3
Dodging        | 3 |  3.2
Fire Magic     | 4 |  4.3
Conjurations   | 2 |  2.1
Evocations     | 1 |  1.2
Staves         | |  0.2
Spellcasting   | |  3.9
Ice Magic      | |  0.2

Action                   |  1- 3 |  4- 6 || total
-------------------------+-------+-------++-------
Melee: Whip              |     4 |    15 ||    19
       Staff             |       |    12 ||    12
 Cast: Foxfire           |    71 |    45 ||   116
       Conjure Flame     |       |     1 ||     1
  Use: Potion            |       |     3 ||     3
       Scroll            |       |     2 ||     2
Armor: Robe              |     3 |     8 ||    11
Dodge: Dodged            |    14 |    39 ||    53
